Map: 시뮬레이크럼 - 래더

Players

Vanya

  • Race: Zerg Zerg
  • Spawn Location: 11:00

INnoVation - Winner!

  • Race: Terran Terran
  • Spawn Location: 5:00

Event: IEM Katowice 2020

VOD

https://youtu.be/CTgGP_sBSxg?t=794

Description

Time

  • Played on: Feb. 24, 2020, 9:31 a.m.
  • Length: 10:23

All games in this series

Show
View Real Time Build Order
Export as new Build Order

Vanya Zerg 

Build Orders: Hatch First 

Get SALT Encoding   

  12  0:00  Drone  
  13  0:12  Overlord  
  13  0:17  Drone  
  14  0:30  Drone x2  
  16  0:48  Hatchery  
  15  0:52  Drone  
  15  0:55  Drone  
  17  0:58  Drone  
  18  1:10  Extractor  
  17  1:14  Spawning Pool  
  17  1:17  Drone  
  17  1:20  Drone  
  18  1:28  Drone  
  19  1:41  Drone  
  20  1:50  Drone  
  21  2:01  Queen x2  
  21  2:02  Zergling x4  
  27  2:14  Hatchery  
  26  2:19  Overlord  
  26  2:22  Drone  
  27  2:25  Drone  
  28  2:40  Metabolic Boost  
  28  2:41  Drone  
  28  2:42  Drone  
  29  2:46  Queen  
  29  2:49  Overlord  
  31  2:51  Drone  
  31  2:54  Drone  
  31  2:57  Drone  
  34  2:59  Drone  
  35  3:10  Drone x3  
  35  3:11  Drone  
  39  3:17  Drone x2  
  41  3:21  Overlord  
  41  3:23  Queen  
  43  3:33  Drone  
  44  3:36  Drone  
  44  3:38  Queen  
  44  3:39  Drone x3  
  50  3:44  Zergling x6  
  53  3:53  Overlord  
  53  3:55  Roach Warren  
  52  3:56  Drone x2  
  52  4:00  Drone x2  
  56  4:05  Overlord x2  
  56  4:07  Zergling x2  
  57  4:13  Overlord  
  56  4:17  Lair  
  56  4:22  Extractor  
  56  4:24  Extractor, Drone x6  
  54  4:27  Drone x2  
  54  4:28  Drone  
  63  4:33  Drone  
  63  4:34  Drone x2  
  63  4:37  Drone  
  67  4:43  Drone x3  
  70  4:46  Drone x2  
  70  4:50  Overlord  
  70  4:51  Drone x4  
  76  4:53  Extractor  
  76  4:54  Extractor  
  76  4:56  Evolution Chamber  
  74  5:03  Extractor  
  74  5:05  Drone  
  74  5:06  Drone x2  
  76  5:07  Roach x2, Evolution Chamber  
  76  5:08  Overlord  
  76  5:09  Evolution Chamber  
  76  5:14  Roach x2  
  82  5:16  Overseer  
  82  5:21  Roach  
  82  5:25  Drone  
  82  5:27  Drone x2  
  87  5:32  Drone  
  87  5:33  Drone  
  87  5:34  Drone  
  88  5:37  Drone x3  
  88  5:38  Hatchery  
  88  5:41  Drone  
  88  5:42  Zerg Ground Armor Level 1, Zerg Missile Weapons Level 1  
  90  5:43  Overlord  
  90  5:48  Overlord  
  90  5:50  Roach x3  
  96  6:00  Overlord  
  96  6:02  Roach x4  
  104  6:04  Glial Reconstitution  
  104  6:06  Overlord  
  104  6:14  Roach x4  
  112  6:18  Overlord x2  
  112  6:22  Roach x3  
  118  6:26  Roach x3  
  123  6:34  Zergling x4, Roach x3  
  129  6:46  Roach x6  
  141  6:48  Ravager  
  141  6:49  Ravager x3  
  141  6:50  Overlord  
  141  6:53  Ravager x2  
  147  6:56  Roach x2  
  151  7:04  Baneling Nest  
  151  7:06  Overlord  
  151  7:08  Ravager  
  151  7:10  Zergling x14  
  158  7:19  Zergling x2  
  158  7:21  Overlord x2  
  158  7:22  Overlord  
  159  7:29  Zergling x14  
  158  7:35  Zergling x10  
  147  7:39  Zergling x2  
  147  7:43  Zergling x18  
  135  7:51  Zergling x2  
  135  7:52  Zergling x6  
  125  7:58  Roach x2  
  125  7:59  Queen x2  
  120  8:08  Roach x6  
  119  8:16  Drone x3  
  119  8:19  Drone  
  108  8:21  Drone  
  100  8:28  Drone x2  
  100  8:33  Drone x2  
  101  8:36  Ravager x6  
  101  8:39  Drone  
  108  8:41  Drone  
  108  8:46  Drone x2  
  108  8:48  Drone  
  104  8:58  Drone  
  104  9:01  Drone  
  104  9:02  Drone x5  
  102  9:03  Drone  
  102  9:04  Drone  
  102  9:06  Drone  
  102  9:09  Drone x2  
  105  9:10  Drone  
  105  9:12  Drone  
  105  9:13  Drone  
  105  9:14  Drone  
  105  9:16  Drone  
  109  9:21  Drone x3  
  112  9:26  Zergling x8  
  116  9:33  Ravager  
  116  9:34  Drone x3  
  116  9:35  Drone  
  116  9:37  Drone  
  122  9:41  Drone  
  122  9:42  Drone  
  122  9:45  Zergling x10  
  129  9:58  Zergling x14  
Show
View Real Time Build Order
Export as new Build Order

INnoVation Terran - Winner!

Build Orders: Reaper Expand, Hellion Banshee 

Get SALT Encoding   

  12  0:00  SCV  
  13  0:13  SCV  
  14  0:17  Supply Depot  
  14  0:25  SCV  
  15  0:38  SCV  
  15  0:40  Barracks  
  16  0:43  Refinery  
  16  0:50  SCV  
  17  1:02  SCV  
  18  1:15  SCV  
  19  1:27  Reaper, Orbital Command  
  20  1:40  Command Center  
  20  1:51  Supply Depot  
  20  1:53  SCV  
  21  1:59  Marine  
  22  2:05  SCV  
  23  2:14  Factory  
  23  2:17  SCV  
  23  2:21  Barracks Reactor  
  24  2:29  SCV  
  25  2:41  SCV  
  25  2:42  Command Center  
  26  2:52  Orbital Command  
  26  2:53  SCV  
  27  2:59  Starport  
  27  3:04  Refinery  
  27  3:06  SCV  
  27  3:11  Hellion  
  30  3:15  Hellion  
  30  3:18  Barracks Tech Lab  
  32  3:20  SCV  
  32  3:22  SCV  
  34  3:32  SCV  
  36  3:34  SCV, Hellion  
  36  3:37  Hellion  
  39  3:44  Banshee  
  39  3:45  Barracks Tech Lab  
  39  3:46  SCV x2  
  44  3:55  Orbital Command  
  44  3:58  SCV x2, Hellion  
  44  4:01  Hellion  
  50  4:04  Stimpack  
  50  4:13  SCV x2  
  50  4:16  Marine, Supply Depot  
  53  4:22  SCV  
  54  4:25  SCV x2  
  56  4:33  Barracks  
  56  4:35  SCV, Starport Reactor  
  56  4:37  Marine, SCV  
  56  4:38  SCV  
  60  4:39  Supply Depot  
  60  4:41  Barracks  
  60  4:46  Engineering Bay  
  60  4:47  Engineering Bay  
  60  4:49  SCV  
  60  4:50  SCV x2  
  63  4:54  Refinery  
  63  4:58  Engineering Bay  
  63  4:59  Engineering Bay  
  63  5:01  Refinery  
  63  5:02  SCV x2  
  63  5:03  SCV  
  63  5:05  Marine  
  67  5:10  Siege Tank  
  67  5:11  Supply Depot  
  67  5:14  Orbital Command  
  70  5:16  SCV x2  
  70  5:21  Marine, Terran Infantry Weapons Level 1, Terran Infantry Armor Level 1  
  72  5:22  Marine  
  72  5:27  Starport Reactor  
  72  5:28  Barracks  
  74  5:37  SCV x2  
  74  5:38  Barracks  
  74  5:40  Marine x5  
  78  5:45  Siege Tank  
  78  5:47  Combat Shield  
  78  5:48  SCV  
  82  5:51  SCV x2  
  84  5:57  Marine  
  85  6:06  Supply Depot  
  85  6:07  Supply Depot  
  85  6:11  Bunker  
  85  6:17  Supply Depot  
  85  6:19  Barracks Reactor  
  85  6:27  Medivac x2  
  85  6:28  SCV x2, Barracks Reactor, Marauder  
  85  6:29  Marine x3, SCV, Supply Depot, Siege Tank  
  85  6:31  Supply Depot  
  98  6:34  Marine  
  95  6:40  SCV x2  
  95  6:41  SCV  
  95  6:46  Marine x3  
  101  6:49  Marauder  
  101  6:51  Marine  
  101  6:52  SCV x2, Missile Turret  
  101  6:53  SCV  
  107  6:54  Armory  
  107  6:59  Supply Depot  
  110  7:01  Siege Tank  
  110  7:03  Supply Depot  
  110  7:04  SCV  
  110  7:05  Marine x3  
  110  7:06  Marine x4  
  116  7:11  Marauder  
  118  7:17  Medivac x2  
  118  7:18  Marine  
  122  7:22  Supply Depot  
  122  7:23  Marine x5  
  122  7:25  SCV x2  
  121  7:30  Marine x2  
  121  7:32  Marauder  
  121  7:36  Marine, Siege Tank  
  99  7:45  Marine  
  99  7:50  Medivac x2  
  102  7:54  Marine x4  
  102  7:55  Marauder  
  102  7:57  Orbital Command  
  100  8:08  Supply Depot x2  
  100  8:10  Supply Depot  
  99  8:22  Supply Depot  
  99  8:31  SCV x2  
  99  8:32  SCV  
  101  8:35  Supply Depot  
  101  8:36  Supply Depot  
  101  8:44  Siege Tank  
  101  8:46  Medivac  
  101  8:47  SCV x3  
  108  8:51  Supply Depot  
  108  8:53  Medivac  
  107  8:57  Marine x7, Marauder  
  107  9:00  SCV x2  
  107  9:01  SCV  
  111  9:10  Marine  
  111  9:12  SCV  
  111  9:13  SCV x2, Missile Turret  
  111  9:15  Marine x7, Concussive Shells  
  122  9:18  Refinery, Marauder, Siege Tank  
  127  9:24  Medivac  
  127  9:27  Medivac  
  127  9:28  Marine  
  132  9:32  Marine  
  133  9:44  Barracks  
  133  9:45  Barracks  
  133  9:46  Barracks  
  133  9:49  Supply Depot  
  133  9:52  Supply Depot  
  133  9:59  Supply Depot  

Tags
 
Add a new tag
Caveats
  • Supply blocks, unpowered buildings, or Contaminate may cause inaccurate times.
  • Supply counts are checked every 10 seconds.